 Dungeon Crawl Stone Soup version 0.30.0-15-g856e2d3f33 (webtiles) character file.

Game seed: 15020048345955844196

7215 cdecastro the Grappler (level 10, 0/111 HPs)
             Began as a Green Draconian Transmuter on May 19, 2023.
             Was a Believer of Nemelex Xobeh.
             Slain by a death yak (21 damage)
             ... on level 9 of the Dungeon.
             The game lasted 00:21:45 (8608 turns).

cdecastro the Grappler (Green Draconian Transmuter) Turns: 8608, Time: 00:21:47

Health: 0/111      AC:  6    Str: 17    XL:     10   Next: 87%
Magic:  11/13      EV: 10    Int: 14    God:    Nemelex Xobeh [**....]
Gold:   441        SH:  0    Dex: 11    Spells: 3/13 levels left

rFire   . .          .
                       - Unarmed
rCold   + + +        (shield currently unavailable)
rNeg    . . .        (body armour unavailable)
rPois   +            i - melded +1 hat
rElec   .            r - melded +0 cloak
rCorr   .            (gloves currently unavailable)
SInv    .            (boots currently unavailable)
Will    .....        (no amulet)
Stlth   +            q - ring of protection from fire
HPRegen 0.38/turn    (no ring)
MPRegen 0.13/turn

%: no passive effects
@: ice-form, wereblooded (expiring), mesmerised
A: freezing attack, amphibious, boosted hp, (breathe noxious fumes), AC +7,
large, unfitting armour, (poison resistance), (cold-blooded)
a: End Transformation, Renounce Religion, Draw Escape, Draw Destruction, Draw
Summoning


You were on level 9 of the Dungeon.
You worshipped Nemelex Xobeh.
Nemelex Xobeh was pleased with you.
You were a creature of crystalline ice.
You visited 1 branch of the dungeon, and saw 9 of its levels.

You collected 441 gold pieces.

Inventory:

Missiles
 u - 2 throwing nets
 x - 15 poisoned darts
 H - 5 boomerangs
 J - 3 silver boomerangs
 K - 5 atropa-tipped darts
Armour
 i - a +1 hat (melded)
 r - a +0 cloak (melded)
 F - an orb of light
Magical Staves
 E - a staff of death
Jewellery
 q - a ring of protection from fire (left front paw)
 w - a ring of protection from fire
Wands
 g - a wand of mindburst (16)
 s - a wand of digging (13)
 t - a wand of flame (6)
 I - a wand of charming (6)
Scrolls
 c - a scroll of poison {unknown}
 d - 4 scrolls of amnesia
 h - a scroll of enchant weapon {unknown}
 j - 2 scrolls of fog {unknown}
 l - 3 scrolls of butterflies
 m - a scroll of fear {unknown}
 o - a scroll of teleportation {unknown}
 p - a scroll of noise {unknown}
 y - a scroll of immolation {unknown}
 A - a scroll of acquirement {unknown}
 D - 2 scrolls of brand weapon {unknown}
 L - a scroll of vulnerability {unknown}
Potions
 a - 4 potions of lignification
 b - a potion of mutation
 e - 3 potions of haste
 f - 3 potions of might
 k - a potion of heal wounds
 n - 6 potions of curing
 v - a potion of berserk rage
 z - 2 potions of brilliance
 B - 2 potions of flight
 C - 2 potions of invisibility
 G - a potion of attraction {unknown}


   Skills:
 - Level 10.0 Fighting
 - Level 1.7 Dodging
 - Level 10.0 Unarmed Combat
 - Level 2.0 Spellcasting
 - Level 10.0 Transmutations
 - Level 5.0 Poison Magic
 + Level 0.0 Invocations


You had 3 spell levels left.
You knew the following spells:

 Your Spells              Type           Power      Damage    Failure   Level
a - Beastly Appendage     Tmut           58%        N/A       1%          1
b - Wereblood             Tmut           29%        N/A       1%          2
c - Spider Form           Tmut/Pois      22%        N/A       3%          3
d - Ice Form              Ice/Tmut       15%        N/A       30%         4

Your spell library contained the following spells:

 Spells                   Type           Power      Damage    Failure   Level
 Blink                    Tloc           2%         N/A       34%         2
 Lesser Beckoning         Tloc           2%         N/A       34%         2
 Momentum Strike          Conj/Tloc      2%         3d8       34%         2
 Gell's Gravitas          Tloc           1%         N/A       56%         3
 Blade Hands              Tmut           14%        N/A       11%         5
 Irradiate                Conj/Tmut      7%         3d14      63%         5
 Manifold Assault         Tloc           1%         N/A       93%         4
 Dragon Form              Tmut           14%        N/A       97%         7


Dungeon Overview and Level Annotations

Branches:
Dungeon (9/15)             Temple (0/1) D:4
   Lair: D:8-11         Orc: D:9-12

Altars:
Dithmenos
Kikubaaqudgha
Makhleb
Nemelex Xobeh
Yredelemnul

Annotations:
D:9 Maggie


Innate Abilities, Weirdness & Mutations

You are a creature of crystalline ice.
You have a powerful freezing melee attack.
You are amphibious.
Your maximum health is increased.
Your armour is entirely melded.
You are incapable of wielding weapons or throwing items.
((You can breathe blasts of noxious fumes.))
((Your lurid green scales are hard. (AC +7)))
You cannot fit into any form of body armour.
((Your system is resistant to poisons. (rPois)))
((You are cold-blooded and may be slowed by cold attacks.))


Message History

Maggie hits the yak with a +2 morningstar of flaming!
Maggie burns the yak!
The death yak gores you.
Unknown command.
You hit the death yak. You freeze the death yak.
You feel a bit better.
You kill the death yak!
Your Fighting skill increases to level 9!
You pummel the centaur!! You freeze the centaur!
You feel a bit better.
You kill the centaur!
Maggie looks very confused.
Maggie hits herself with a +2 morningstar of flaming.
Maggie burns herself.
You punch the yak! You freeze the yak.
You feel a bit better.
You kill the yak!
Training target 10.0 for Fighting reached!
Your Fighting skill increases to level 10!
You need to enable at least one skill for training.
Unknown command.
Your primal bloodlust is almost over.
The centaur shoots an arrow.
The arrow hits you.
Maggie barely misses the death yak.
You pummel the death yak!! You freeze the death yak!
The death yak is moderately wounded.
Maggie seems less confused.
The death yak gores you.
You punch the death yak! You freeze the death yak.
The death yak is heavily wounded.
You howl as the wereblood boils in your veins!
The death yak gores you!!
* * * LOW HITPOINT WARNING * * *
You hit the death yak. You freeze the death yak.
The death yak is heavily wounded.
The death yak gores you!!
* * * LOW HITPOINT WARNING * * *
You punch the death yak! You freeze the death yak.
The death yak is severely wounded.
Maggie gestures wildly while chanting.
Maggie attempts to bespell you!
You are mesmerised by Maggie!
The death yak gores you!!
You die...
Your body disappears without a glow.

#.# #. ...Y .... #.# #.
.... ... #.# #. .......
#.# #. ...#.. #.# ##.
#.#.########.#######.#
#..Y..........##....##
##.##..Y#########.##.###.#
......@cYY...# #.##.####.
.......#####.# #...[.....
##.##.# #.# #####.#####
... #.# #.....# ##. #.#
#.##### #. #.###.# #
#.....# #######


You could see a death yak, Maggie (mesmerising), a yak and a centaur.

Vanquished Creatures
  2 two-headed ogres
  2 death yaks (D:9)
  Pikel (D:9)
  2 trolls
  Prince Ribbit (D:7)
  A wyvern (D:7)
  2 yaks (D:9)
  4 steam dragons
  3 ice beasts
  2 black bears
  3 centaurs
  4 ogres
  A phantom (D:3)
  2 kobold brigands
  Blork the orc (D:3)
  A bullfrog (D:7)
  5 scorpions
  7 wights
  A howler monkey (D:4)
  3 jellies
  Crazy Yiuf (D:4)
  3 orc priests
  2 hounds
  2 sleepcaps
  5 iguanas
  4 orc wizards
  A hell rat (D:9)
  6 gnolls
  6 adders
  A river rat (D:9)
  2 shadow imps
  A white imp (D:8)
  An ufetubus (D:4)
  8 worms
  2 dart slugs
  20 orcs
  4 ball pythons
  10 endoplasms
  3 giant cockroaches
  4 goblins
  7 hobgoblins
  7 jackals
  10 kobolds
  3 quokkas
  4 bats
  5 frilled lizards
  7 rats
177 creatures vanquished.

Notes
Turn   | Place    | Note
-------+----------+-------------------------------------------
     0 | D:1      | cdecastro the Draconian Transmuter began the quest for the
                  | Orb.
     0 | D:1      | Reached XP level 1. HP: 16/16 MP: 3/3
   160 | D:1      | Reached XP level 2. HP: 21/23 MP: 3/5
   771 | D:2      | Reached XP level 3. HP: 6/28 MP: 4/6
  1301 | D:2      | Reached XP level 4. HP: 35/35 MP: 5/7
  1303 | D:2      | Reached skill level 5 in Unarmed Combat
  1318 | D:2      | Learned a level 2 spell: Wereblood
  1811 | D:3      | Found a sparkling altar of Nemelex Xobeh.
  1924 | D:3      | Reached XP level 5. HP: 40/40 MP: 6/8
  1945 | D:3      | Noticed a phantom
  1964 | D:3      | Killed a phantom
  2264 | D:4      | Noticed a black bear
  2340 | D:4      | Noticed Blork the orc
  2352 | D:3      | Killed Blork the orc
  2353 | D:3      | Reached skill level 5 in Transmutations
  2353 | D:3      | Reached XP level 6. HP: 25/47 MP: 9/9
  2890 | D:4      | Got Kohifoq's Volume of Distance
  2936 | D:4      | Your scales start taking on a lurid green colour.
  2936 | D:4      | Reached XP level 7. HP: 34/60 MP: 10/10
  2936 | D:4      | Gained mutation: Your system is resistant to poisons.
                  | (rPois) [Green Draconian growth]
  3067 | D:4      | Found a staircase to the Ecumenical Temple.
  3119 | D:4      | Found a runed translucent door.
  3120 | D:4      | Noticed Crazy Yiuf
  3239 | D:4      | Reached skill level 5 in Fighting
  3243 | D:4      | Learned a level 3 spell: Spider Form
  3248 | D:4      | Learned a level 4 spell: Ice Form
  3414 | D:4      | Killed Crazy Yiuf
  3415 | D:4      | Reached skill level 1 in Poison Magic
  3458 | D:5      | Entered Level 5 of the Dungeon
  3645 | D:5      | Found a shadowy altar of Dithmenos.
  3645 | D:5      | Found an ancient bone altar of Kikubaaqudgha.
  3645 | D:5      | Found a basalt altar of Yredelemnul.
  3883 | D:5      | Noticed a troll
  3916 | D:4      | Reached skill level 5 in Poison Magic
  3955 | D:5      | Reached XP level 8. HP: 58/68 MP: 11/11
  4179 | D:5      | Killed a troll
  4314 | D:5      | Noticed a two-headed ogre
  4642 | D:3      | Became a worshipper of Nemelex Xobeh the Trickster
  4918 | D:6      | Reached XP level 9. HP: 74/74 MP: 10/12
  5432 | D:7      | Found a burning altar of Makhleb.
  5655 | D:7      | Reached * piety under Nemelex Xobeh
  5963 | D:7      | Noticed Prince Ribbit
  5976 | D:7      | Killed Prince Ribbit
  5977 | D:7      | Reached skill level 10 in Unarmed Combat
  6968 | D:8      | Received a gift from Nemelex Xobeh
  7047 | D:8      | Noticed a two-headed ogre
  7057 | D:8      | Killed a two-headed ogre
  7058 | D:8      | Reached XP level 10. HP: 46/81 MP: 11/13
  7460 | D:8      | Reached ** piety under Nemelex Xobeh
  7878 | D:9      | Noticed a two-headed ogre
  7888 | D:9      | Killed a two-headed ogre
  7889 | D:9      | Reached skill level 10 in Transmutations
  8200 | D:9      | Noticed Pikel
  8219 | D:9      | Killed Pikel
  8568 | D:9      | Noticed Maggie
  8578 | D:9      | Noticed a death yak
  8578 | D:9      | Noticed a death yak
  8579 | D:9      | Noticed a death yak
  8591 | D:9      | Killed a death yak
  8601 | D:9      | Killed a death yak
  8604 | D:9      | Reached skill level 10 in Fighting
  8608 | D:9      | Slain by a death yak

Illustrated notes

Levels and vault maps discovered:
D:1:      tekkud_arrival_beachfront_property, layout_basic
D:2:      layout_rooms
D:3:      layout_rooms, nicolae_overflow_crystal_walls
D:4:      layout_basic, minmay_temple_entry_from_below_a, uniq_blork_the_orc,
          uniq_crazy_yiuf_cottage
D:5:      layout_gridville, minitemple, minmay_manual_mandibuliform
D:6:      layout_basic
D:7:      layout_rooms, amcnicky_altar_gilded, grunt_decor_fettered,
          uniq_prince_ribbit1
D:8:      layout_loops_corners, serial_glass, glass_columns_b, glass_columns_c,
          glass_columns_b, glass_columns_a, glass_columns_b, glass_columns_a
D:9:      layout_loops_ring, dpeg_lair_monsters, david_orc_4, uniq_pikel,
          uniq_maggie

Skill      XL: |  1  2  3  4  5  6  7  8  9 10 |
---------------+-------------------------------+-----
Unarmed Combat | 4 5 7 10 | 10.0
Transmutations | 3 5 7 9 10 | 10.0
Fighting       | 4 5 10 | 10.0
Poison Magic   | 5 |  5.0
Dodging        | |  1.7
Spellcasting   | |  2.0

Action                     |  1- 3 |  4- 6 |  7- 9 | 10-12 || total
---------------------------+-------+-------+-------+-------++-------
  Melee: Unarmed           |    97 |   147 |   301 |    57 ||   602
         Tailslap          |     7 |     4 |    40 |     2 ||    53
         Kick              |    14 |    43 |    86 |     3 ||   146
         Headbutt          |    14 |    20 |    47 |     2 ||    83
         Punch             |     1 |     3 |    10 |     2 ||    16
   Cast: Beastly Appendage |    20 |    26 |    39 |     3 ||    88
         Wereblood         |       |       |     7 |     4 ||    11
         Spider Form       |       |       |     4 |     1 ||     5
         Ice Form          |       |       |       |     5 ||     5
Ability: Breathe Noxious F |       |       |    10 |     3 ||    13
    Use: Potion            |       |     1 |       |       ||     1
         Scroll            |       |       |    11 |       ||    11
   Stab: Confused          |       |       |     6 |     2 ||     8
         Sleeping          |       |       |     2 |       ||     2
 Armour: Skin              |    21 |    50 |    71 |     9 ||   151
  Dodge: Dodged            |    52 |    59 |   205 |    21 ||   337
